 Dungeon Crawl Stone Soup version 0.25-a0-71-ge910a4a285 (webtiles) character file.

Game seed: 14259337974085929637, levelgen mode: deterministic

27365 r34 the Severer (level 13, -4/84 HPs)
             Began as a Gargoyle Berserker on Nov 3, 2019.
             Was a High Priest of Trog.
             Killed by divine providence
             ... invoked by a meliai
              (12 damage)
             ... on level 5 of the Lair of Beasts.
             The game lasted 00:17:36 (17106 turns).

r34 the Severer (Gargoyle Berserker)               Turns: 17106, Time: 00:17:36

Health: -4/84      AC: 31    Str: 26    XL:     13   Next: 31%
Magic:  0/13       EV: 12    Int:  8    God:    Trog [*****.]
Gold:   456        SH:  0    Dex:  9    Spells: 12/12 levels left

rFire    + . .     SeeInvis .   Y - +0 broad axe (elec)
rCold    . . .     Gourm    .   (no shield)
rNeg     + . .     Faith    .   j - +0 plate armour
rPois    ∞         Spirit   +   c - +1 hat
rElec    +         Reflect  .   s - +0 cloak
rCorr    .         Harm     .   k - +0 pair of gloves
MR       .....                  t - +1 pair of boots
Stlth    ..........             d - amulet of guardian spirit
HPRegen  0.24/turn              u - ring of protection from fire
MPRegen  0.13/turn              i - +3 ring of evasion

@: berserk cooldown, slowed, very slow
A: negative energy resistance 1, electricity resistance, unbreathing,
petrification resistance, rot immunity, AC +9
a: Berserk, Trog's Hand, Brothers in Arms, Renounce Religion


You were on level 5 of the Lair of Beasts.
You worshipped Trog.
Trog was extremely pleased with you.
You were very hungry.

You visited 2 branches of the dungeon, and saw 15 of its levels.
You also visited: Sewer.

You collected 763 gold pieces.
You spent 307 gold pieces at shops.


Innate Abilities, Weirdness & Mutations

You are resistant to torment.
Your stone body is resilient. (AC +9)
You are immune to poison.
You resist negative energy. (rN+)
You are resistant to electric shocks. (rElec)
You can survive without breathing.
You are immune to petrification.
You are immune to rotting.


   Skills:
 + Level 11.5 Fighting
 - Level 15.0 Axes
 - Level 11.0 Armour
 - Level 3.5 Dodging


You had 12 spell levels left.
You didn't know any spells.
Your spell library was empty.

Inventory:

Hand Weapons
 g - a +0 flail
 Y - a +0 broad axe of electrocution (weapon)
Armour
 c - a +1 hat (worn)
 j - a +0 plate armour (worn)
 k - a +0 pair of gloves (worn)
 r - a +0 helmet
 s - a +0 cloak (worn)
 t - a +1 pair of boots (worn)
Jewellery
 d - an amulet of guardian spirit (around neck)
 h - an uncursed ring of protection from cold
 i - a +3 ring of evasion (right hand)
 u - a ring of protection from fire (left hand)
 w - an uncursed ring of protection from magic
Wands
 v - a wand of digging (8)
Scrolls
 a - a scroll of brand weapon
 l - a scroll of magic mapping {unknown}
 p - 6 scrolls of remove curse
 q - a scroll of identify
Potions
 f - 4 potions of might
 m - 2 potions of curing
 n - a potion of cancellation
 o - a potion of haste {unknown}
Comestibles
 e - 22 rations

Dungeon Overview and Level Annotations

Branches:
Dungeon (9/15)             Temple (0/1) D:4            Lair (6/6) D:9
  Swamp (0/4) Lair:3        Snake (0/4) Lair:4        Sewer (visited)
  Slime: Lair:5-6       Orc: D:9-12

Altars:
Elyvilon
Fedhas
Gozag
Kikubaaqudgha
Nemelex Xobeh
Qazlal
Sif Muna
Vehumet
Xom
Zin

Shops:
D:5 [   D:9 ?

Annotations:
D:3 1 runed translucent door, Conn's ghost, amateur OpFE
D:4 2 transporters, ruda's ghost, novice HOAK
Lair:3 1 runed translucent door, MrRokkomies's ghost, journeyman OpBe


Message History

The meliai hits you but does no damage.
The meliai hits your two-headed ogre with a +0 hand axe of flaming!
The meliai burns your two-headed ogre.
The meliai stings you but does no damage.
Your two-headed ogre barely misses the meliai.
Your two-headed ogre misses the meliai.
You closely miss the killer bee.
The killer bee is almost dead.
You hit the meliai.
The killer bee stings you but does no damage.
The meliai closely misses you.
The meliai hits your two-headed ogre with a +0 hand axe of flaming!
The meliai burns your two-headed ogre.
The meliai stings you but does no damage.
The killer bee stings you but does no damage.
Your two-headed ogre barely misses the meliai.
Your two-headed ogre misses the meliai.
The meliai mumbles some strange prayers to its god against you.
Something smites you!
You die...

## #.##.........# ###....###
.####.....#.....### ##..[.P#
...........#P.....### #....##
...<......####.....P# ##....#
.........## ##.>....## #...##
####P...#.###........# ##...##
# #P....#.P#####...## #.....# #
###.....## #.#...## #..#### ##
###.....## #@O...# #.#.## .##
#........##yy##### ###.P# ..#
##.P....####.. #P...# ..##
#####...# #.#% #....# ...###
#....## ###%. ##...# .....#
#P....## .. #P...## ....##
##.....# %.% ##P..P##
....####.....###########......#
.....##.....##
#............#.##


You could see a meliai, a killer bee and a friendly two-headed ogre (berserk).

Vanquished Creatures
  Gastronok (Lair:2)
  A hydra (Lair:2)
  2 two-headed ogres (D:8)
  Pikel (D:5)
  2 black mambas (Lair:3)
  5 spiny frogs
  2 komodo dragons (Lair:2)
  3 trolls
  2 meliai (Lair:5)
  A polar bear (Lair:4)
  A queen bee (Lair:5)
  11 blink frogs
  2 bog bodies (Lair:3)
  5 hippogriffs
  22 yaks
  2 basilisks
  4 hogs (D:8)
  2 wyverns
  A human (D:8)
  Menkaure (D:4)
  2 nagas (Lair:4)
  7 water moccasins
  Duvessa (D:4)
  3 porcupines
  5 sky beasts
  An ice beast (D:7)
  3 phantoms
  A necrophage (D:8)
  5 ogres
  3 centaurs
  8 wolves
  8 crocodiles
  8 bullfrogs
  2 big kobolds
  Dowan (D:4)
  2 scorpions
  25 killer bees
  A wight (D:8)
  3 howler monkeys (D:6)
  2 electric eels (Lair:2)
  2 crimson imps
  A centaur zombie (D:7)
  2 jellies
  A bullfrog zombie (D:8)
  4 hounds
  3 orc priests
  3 centaur skeletons
  10 orc wizards
  2 bullfrog skeletons
  2 iguanas
  12 worker ants
  A killer bee zombie (D:8)
  A hound zombie (D:9)
  2 hound skeletons
  A worker ant zombie (D:9)
  4 gnolls (D:9)
  4 river rats (Sewer)
  10 adders
  3 shadow imps
  2 oozes
  4 worms
  2 dart slugs
  5 leopard geckos
  25 orcs
  10 ball pythons
  9 bats
  12 giant cockroaches
  10 hobgoblins
  22 jackals
  13 kobolds
  4 quokkas
  12 frilled lizards
  8 goblins
  3 leopard gecko skeletons
  A leopard gecko zombie (D:5)
  3 quokka skeletons
  14 rats
  A plant (Lair:3)
390 creatures vanquished.

Vanquished Creatures (collateral kills)
  2 hydras
  A death yak (Lair:2)
  An oklob plant (D:9)
  9 blink frogs
  4 yaks (Lair:3)
  A water moccasin (Lair:2)
  A bullfrog (Lair:1)
  5 killer bees (Lair:5)
  An electric eel (Lair:2)
  2 plants (D:9)
27 creatures vanquished.

Vanquished Creatures (others)
  Prince Ribbit (D:5)
  2 slaves (D:5)
  3 orcs (D:5)
  2 fungi (Lair:5)
  3 plants
  14 toadstools (D:9)
25 creatures vanquished.

Grand Total: 442 creatures vanquished

Notes
Turn   | Place    | Note
-------+----------+-------------------------------------------
     0 | D:1      | r34 the Gargoyle Berserker began the quest for the Orb.
     0 | D:1      | Reached XP level 1. HP: 14/14 MP: 1/1
     0 | D:1      | 0 ||| counter = 1
   113 | D:1      | Reached skill level 3 in Axes
   142 | D:1      | Reached XP level 2. HP: 19/19 MP: 2/2
   317 | D:1      | 317 ||| DROPPING cursed -3 club.
   411 | D:1      | Reached XP level 3. HP: 23/23 MP: 3/3
   514 | D:1      | Reached ** piety under Trog
   734 | D:1      | 734 ||| UPGRADING to leather armour.
   744 | D:1      | 744 ||| DROPPING +0 animal skin.
   745 | D:1      | 745 ||| UPGRADING to ring mail.
   755 | D:1      | 755 ||| DROPPING +0 leather armour.
   756 | D:1      | 756 ||| UPGRADING to shiny plate armour.
   766 | D:1      | 766 ||| DROPPING +0 ring mail.
   792 | D:2      | 792 ||| INVOKING Berserk.
   795 | D:2      | 795 ||| STAIRDANCE
   859 | D:2      | 859 ||| DROPPING +0 club.
   931 | D:2      | Reached skill level 4 in Axes
  1091 | D:2      | 1091 ||| INVOKING Berserk.
  1157 | D:2      | 1157 ||| INVOKING Berserk.
  1223 | D:2      | Reached XP level 4. HP: 28/28 MP: 4/4
  1720 | D:2      | 1720 ||| READING scroll labeled PALEID AGGAI.
  1721 | D:2      | 1721 ||| DRINKING 2 black potions.
  1772 | D:2      | 1772 ||| DROPPING potion of lignification.
  1796 | D:3      | 1796 ||| STAIRDANCE
  1801 | D:3      | 1801 ||| STAIRDANCE
  1819 | D:3      | 1819 ||| STAIRDANCE
  1825 | D:3      | 1825 ||| STAIRDANCE
  1840 | D:3      | 1840 ||| STAIRDANCE
  1960 | D:3      | Found a glowing drain.
  1961 | D:3      | 1961 ||| Found Sewer.
  2045 | Sewer    | Entered a sewer
  2046 | Sewer    | 2046 ||| Entered Sewer.
  2059 | Sewer    | 2059 ||| Stepping ~*~*~tactically~*~*~ (water).
  2162 | Sewer    | Reached skill level 5 in Axes
  2162 | Sewer    | Reached *** piety under Trog
  2184 | Sewer    | Reached XP level 5. HP: 28/32 MP: 5/5
  2302 | Sewer    | 2302 ||| Stepping ~*~*~tactically~*~*~ (water).
  2368 | Sewer    | 2368 ||| Stepping ~*~*~tactically~*~*~ (water).
  2459 | Sewer    | 2459 ||| Stepping ~*~*~tactically~*~*~ (water).
  2603 | Sewer    | 2603 ||| READING scroll labeled VADENT VAARCHA.
  2604 | Sewer    | 2604 ||| READING 2 scrolls labeled KIUCUWU SUGO.
  2605 | Sewer    | 2605 ||| READING scroll labeled WEEFFO BISSAH.
  2606 | Sewer    | 2606 ||| READING 3 scrolls labeled ZAL OKEWATTU.
  2610 | Sewer    | 2610 ||| DRINKING 2 brown potions.
  2611 | Sewer    | 2611 ||| DROPPING scroll of blinking.
  2612 | Sewer    | 2612 ||| DROPPING potion of magic.
  2651 | D:3      | Reached skill level 3 in Armour
  2698 | D:3      | Found a stormy altar of Qazlal.
  2937 | D:3      | Found a runed translucent door.
  2946 | D:3      | Noticed Conn's ghost (amateur OpFE)
  3017 | D:3      | 3017 ||| READING scroll labeled GOEXKA UCEFEE.
  3018 | D:3      | 3018 ||| DRINKING 2 glowing yellow potions.
  3091 | D:4      | 3091 ||| INVOKING Berserk.
  3095 | D:4      | Reached XP level 6. HP: 24/39 MP: 6/6
  3383 | D:4      | 3383 ||| INVOKING Berserk.
  3450 | D:4      | 3450 ||| DROPPING whip.
  3466 | D:4      | Found a staircase to the Ecumenical Temple.
  3495 | D:4      | Noticed ruda's ghost (novice HOAK)
  3496 | D:4      | Found a transporter.
  3500 | D:4      | Found a transporter.
  3501 | D:4      | 3501 ||| INVOKING Berserk.
  3651 | D:4      | Reached skill level 6 in Axes
  3657 | D:4      | Noticed Menkaure
  3664 | D:4      | 3664 ||| INVOKING Berserk.
  3675 | D:4      | Killed Menkaure
  3675 | D:4      | Reached XP level 7. HP: 28/44 MP: 7/7
  3693 | D:4      | 3693 ||| READING 5 scrolls of teleportation.
  3872 | D:4      | Reached **** piety under Trog
  3996 | D:4      | Noticed Duvessa
  3999 | D:4      | Noticed Dowan
  4010 | D:4      | Killed Duvessa
  4010 | D:4      | Reached skill level 7 in Axes
  4019 | D:4      | Killed Dowan
  4181 | D:4      | 4181 ||| INVOKING Berserk.
  4526 | D:5      | Entered Level 5 of the Dungeon
  4558 | D:5      | 4558 ||| STAIRDANCE
  4580 | D:4      | Reached XP level 8. HP: 46/50 MP: 8/8
  4876 | D:5      | Noticed Pikel
  4883 | D:5      | 4883 ||| INVOKING Berserk.
  4888 | D:5      | Killed Pikel
  4888 | D:5      | Reached skill level 8 in Axes
  4950 | D:5      | Found Edofaoss's Antique Armour Emporium.
  4960 | D:5      | Bought a cloak for 81 gold pieces
  4960 | D:5      | Bought a pair of boots for 81 gold pieces
  4960 | D:5      | 4960 ||| SHOPLISTING runed plate armour (468 gold, have
                  | 16).
  4983 | D:5      | Paralysed by an orc for 3 turns
  5017 | D:5      | Noticed Prince Ribbit
  5195 | D:5      | Reached skill level 6 in Fighting
  5297 | D:5      | Reached skill level 9 in Axes
  5374 | D:5      | Found a glowing silver altar of Zin.
  5419 | D:5      | Found a sparkling altar of Nemelex Xobeh.
  5524 | D:5      | 5524 ||| INVOKING Berserk.
  5531 | D:5      | Reached XP level 9. HP: 39/55 MP: 9/9
  5575 | D:5      | 5575 ||| EATING 8 rations.
  5761 | D:5      | 5761 ||| INVOKING Berserk.
  5771 | D:5      | 5771 ||| READING 4 scrolls of teleportation.
  5808 | D:5      | Killed Prince Ribbit
  5845 | D:5      | 5845 ||| UPGRADING to cloak.
  5850 | D:5      | 5850 ||| UPGRADING to pair of boots.
  5855 | D:5      | 5855 ||| READING scroll labeled TEVEOJ NESUMP.
  5856 | D:5      | 5856 ||| DRINKING 2 coppery potions.
  5857 | D:5      | 5857 ||| READING scroll of identify.
  5857 | D:5      | 5857 ||| IDENTIFYING scratched silver ring
  5858 | D:5      | 5858 ||| UPGRADING to ring of protection from magic.
  5888 | D:6      | 5888 ||| INVOKING Berserk.
  5947 | D:6      | 5947 ||| EATING 8 rations.
  6015 | D:6      | Reached skill level 6 in Armour
  6044 | D:6      | 6044 ||| INVOKING Berserk.
  6049 | D:6      | Reached ***** piety under Trog
  6150 | D:6      | 6150 ||| INVOKING Berserk.
  6605 | D:6      | 6605 ||| READING 2 scrolls labeled ZOOLAL TUDEKK.
  6702 | D:7      | Found a white marble altar of Elyvilon.
  6778 | D:7      | 6778 ||| INVOKING Berserk.
  6781 | D:7      | Reached skill level 10 in Axes
  6798 | D:7      | 6798 ||| EATING 10 rations.
  6854 | D:7      | 6854 ||| INVOKING Berserk.
  7230 | D:7      | 7230 ||| INVOKING Berserk.
  7472 | D:7      | 7472 ||| UPGRADING to thin bone amulet.
  7473 | D:7      | 7473 ||| REMOVING amulet of the gourmand.
  7474 | D:7      | 7474 ||| DROPPING amulet of the gourmand.
  7475 | D:7      | 7475 ||| UPGRADING to twisted peridot ring.
  7476 | D:7      | 7476 ||| READING 2 scrolls of remove curse.
  7477 | D:7      | 7477 ||| REMOVING ring of teleportation.
  7478 | D:7      | 7478 ||| DROPPING ring of teleportation.
  7479 | D:7      | 7479 ||| READING scroll labeled KYTUKHL BOLO.
  7509 | D:7      | 7509 ||| DRINKING 2 metallic cyan potions.
  7548 | D:7      | 7548 ||| DROPPING potion of berserk rage.
  7577 | D:8      | Noticed a two-headed ogre
  7584 | D:8      | 7584 ||| INVOKING Berserk.
  7596 | D:8      | Killed a two-headed ogre
  7596 | D:8      | Reached XP level 10. HP: 64/64 MP: 10/10
  7597 | D:8      | 7597 ||| STAIRDANCE
  7664 | D:8      | Received a gift from Trog
  7711 | D:8      | 7711 ||| EATING 9 rations.
  7722 | D:8      | Found an opulent altar of Gozag.
  7727 | D:8      | 7727 ||| INVOKING Berserk.
  7929 | D:8      | Found a radiant altar of Vehumet.
  7945 | D:8      | Found an ancient bone altar of Kikubaaqudgha.
  7965 | D:8      | Found a shimmering blue altar of Sif Muna.
  8013 | D:8      | 8013 ||| INVOKING Berserk.
  8043 | D:8      | Reached skill level 9 in Fighting
  8155 | D:8      | Noticed a two-headed ogre
  8161 | D:8      | 8161 ||| INVOKING Berserk.
  8170 | D:8      | Killed a two-headed ogre
  8170 | D:8      | Reached skill level 3 in Dodging
  8750 | D:8      | 8750 ||| EATING 8 rations.
  8806 | D:8      | Found a shimmering altar of Xom.
  8910 | D:8      | Reached skill level 11 in Axes
  8924 | D:8      | Reached XP level 11. HP: 41/71 MP: 11/11
  9343 | D:8      | 9343 ||| READING scroll labeled SAIMUS FAGHULL.
  9344 | D:8      | 9344 ||| DRINKING 2 sapphire potions.
  9345 | D:8      | 9345 ||| READING 3 scrolls of identify.
  9345 | D:8      | 9345 ||| IDENTIFYING runed beryl amulet
  9346 | D:8      | 9346 ||| UPGRADING to amulet of guardian spirit.
  9347 | D:8      | 9347 ||| READING 2 scrolls of identify.
  9347 | D:8      | 9347 ||| IDENTIFYING emerald potion
  9348 | D:8      | 9348 ||| DROPPING potion of brilliance.
  9485 | D:9      | 9485 ||| INVOKING Berserk.
  9541 | D:9      | 9541 ||| INVOKING Berserk.
  9547 | D:9      | 9547 ||| EATING 14 rations.
  9649 | D:9      | Found a staircase to the Lair.
  9668 | D:9      | 9668 ||| INVOKING Berserk.
  9968 | D:9      | Reached skill level 9 in Armour
 10078 | D:9      | Found Duoh's Magic Scroll Shop.
 10087 | D:9      | Bought a scroll of identify for 20 gold pieces
 10087 | D:9      | Bought a scroll of enchant armour for 75 gold pieces
 10087 | D:9      | Bought a scroll of identify for 20 gold pieces
 10087 | D:9      | Bought a scroll of teleportation for 30 gold pieces
 10087 | D:9      | 10087 ||| SHOPLISTING scroll of brand weapon (200 gold,
                  | have 106).
 10087 | D:9      | 10087 ||| READING scroll of enchant armour.
 10087 | D:9      | 10087 ||| ENCHANTING +0 pair of boots.
 10308 | D:9      | Found a blossoming altar of Fedhas.
 10328 | D:9      | Noticed an oklob plant
 10329 | D:9      | 10329 ||| INVOKING Brothers in Arms.
 10872 | D:9      | 10872 ||| INVOKING Brothers in Arms.
 10873 | D:9      | 10873 ||| READING scroll labeled WATITI HUMM.
 10874 | D:9      | 10874 ||| DRINKING 2 yellow potions.
 10875 | D:9      | 10875 ||| READING 4 scrolls of identify.
 10875 | D:9      | 10875 ||| IDENTIFYING small marble ring
 10876 | D:9      | 10876 ||| UPGRADING to +3 ring of evasion.
 10877 | D:9      | 10877 ||| READING 3 scrolls of identify.
 10877 | D:9      | 10877 ||| IDENTIFYING sapphire ring
 10878 | D:9      | 10878 ||| UPGRADING to ring of protection from fire.
 10880 | D:9      | 10880 ||| READING 2 scrolls of identify.
 10880 | D:9      | 10880 ||| IDENTIFYING smoky pink potion
 10881 | D:9      | 10881 ||| DROPPING potion of degeneration.
 10881 | D:9      | Killed an oklob plant
 10882 | D:9      | 10882 ||| DROPPING potion of flight.
 10883 | D:9      | 10883 ||| DROPPING wand of paralysis (7).
 10949 | Lair:1   | Entered Level 1 of the Lair of Beasts
 10950 | Lair:1   | 10950 ||| Entered L.
 10960 | Lair:1   | 10960 ||| SWAPPING to broad axe.
 10972 | Lair:1   | 10972 ||| DROPPING +1 hand axe.
 10986 | Lair:1   | You fall into a shaft and drop 1 floor!
 10991 | Lair:2   | 10991 ||| Shafted from Lair:1 to Lair:2.
 10992 | Lair:2   | Noticed a seven-headed hydra
 10993 | Lair:2   | 10993 ||| INVOKING Brothers in Arms.
 10996 | Lair:2   | 10996 ||| SWAPPING to +0 flail.
 10997 | Lair:2   | 10997 ||| INVOKING Berserk.
 11006 | Lair:2   | Killed a seven-headed hydra
 11010 | Lair:2   | 11010 ||| SWAPPING to +0 broad axe.
 11012 | Lair:2   | Reached skill level 12 in Axes
 11297 | Lair:2   | 11297 ||| Stepping ~*~*~tactically~*~*~ (water).
 11299 | Lair:2   | 11299 ||| Stepping ~*~*~tactically~*~*~ (water).
 11301 | Lair:2   | 11301 ||| Stepping ~*~*~tactically~*~*~ (water).
 11302 | Lair:2   | 11302 ||| INVOKING Berserk.
 11372 | Lair:2   | 11372 ||| INVOKING Berserk.
 11412 | Lair:2   | 11412 ||| INVOKING Berserk.
 11498 | Lair:2   | Noticed Gastronok
 11502 | Lair:2   | 11502 ||| INVOKING Berserk.
 11514 | Lair:2   | 11514 ||| READING 6 scrolls of teleportation.
 11613 | Lair:2   | 11613 ||| INVOKING Berserk.
 11622 | Lair:2   | Killed Gastronok
 11729 | Lair:2   | 11729 ||| INVOKING Berserk.
 11767 | Lair:2   | 11767 ||| EATING 17 rations.
 11825 | Lair:1   | 11825 ||| Successfully unshafted to Lair:1.
 11836 | Lair:1   | 11836 ||| INVOKING Berserk.
 11854 | Lair:1   | 11854 ||| READING 6 scrolls of teleportation.
 11858 | Lair:1   | 11858 ||| READING 5 scrolls of teleportation.
 11861 | Lair:1   | 11861 ||| READING 4 scrolls of teleportation.
 11880 | Lair:1   | 11880 ||| READING 3 scrolls of teleportation.
 11884 | Lair:1   | 11884 ||| INVOKING Brothers in Arms.
 11897 | Lair:1   | 11897 ||| INVOKING Berserk.
 11897 | Lair:1   | Reached XP level 12. HP: 59/79 MP: 10/12
 12082 | Lair:1   | 12082 ||| INVOKING Berserk.
 12096 | Lair:1   | 12096 ||| READING 2 scrolls of teleportation.
 12130 | Lair:1   | 12130 ||| INVOKING Brothers in Arms.
 12176 | Lair:1   | Reached skill level 13 in Axes
 12783 | Lair:1   | 12783 ||| UPGRADING to +1 hat.
 12788 | Lair:1   | 12788 ||| UPGRADING to shiny granite ring.
 12790 | Lair:1   | 12790 ||| DRINKING 2 fuming pink potions.
 12791 | Lair:1   | 12791 ||| DROPPING potion of agility.
 13034 | Lair:2   | Noticed a four-headed hydra
 13035 | Lair:2   | 13035 ||| INVOKING Brothers in Arms.
 13036 | Lair:2   | 13036 ||| SWAPPING to +0 flail.
 13037 | Lair:2   | 13037 ||| INVOKING Berserk.
 13040 | Lair:2   | Killed a four-headed hydra
 13040 | Lair:2   | Noticed a death yak
 13059 | Lair:2   | 13059 ||| READING scroll of teleportation.
 13060 | Lair:2   | 13060 ||| SWAPPING to +0 broad axe.
 13063 | Lair:2   | 13063 ||| INVOKING Brothers in Arms.
 13066 | Lair:2   | Killed a death yak
 13325 | Lair:2   | 13325 ||| EATING 19 rations.
 13335 | Lair:2   | 13335 ||| UPGRADING to iron ring.
 13337 | Lair:2   | 13337 ||| REMOVING ring of ice.
 13338 | Lair:2   | 13338 ||| DROPPING ring of ice.
 13339 | Lair:2   | 13339 ||| UPGRADING to ring of protection from fire.
 13340 | Lair:2   | 13340 ||| READING 2 scrolls of identify.
 13340 | Lair:2   | 13340 ||| IDENTIFYING amethyst potion
 13341 | Lair:2   | 13341 ||| DROPPING potion of ambrosia.
 13373 | Lair:3   | Noticed a seven-headed hydra
 13377 | Lair:3   | 13377 ||| INVOKING Berserk.
 13395 | Lair:3   | 13395 ||| INVOKING Brothers in Arms.
 13396 | Lair:3   | 13396 ||| SWAPPING to +0 flail.
 13397 | Lair:3   | HP: 19/80 [15-headed hydra (3)]
 13398 | Lair:3   | 13398 ||| DRINKING 4 potions of heal wounds.
 13402 | Lair:3   | 13402 ||| DRINKING 3 potions of heal wounds.
 13403 | Lair:3   | HP: 12/80 [15-headed hydra (9)]
 13403 | Lair:3   | Killed a 15-headed hydra
 13404 | Lair:3   | 13404 ||| DRINKING 2 potions of heal wounds.
 13405 | Lair:3   | 13405 ||| SWAPPING to +0 broad axe.
 13548 | Lair:3   | 13548 ||| INVOKING Berserk.
 13558 | Lair:3   | 13558 ||| INVOKING Brothers in Arms.
 13644 | Lair:3   | 13644 ||| EATING 18 rations.
 13786 | Lair:3   | 13786 ||| INVOKING Berserk.
 13806 | Lair:3   | 13806 ||| STAIRDANCE
 13837 | Lair:3   | 13837 ||| STAIRDANCE
 13881 | Lair:3   | 13881 ||| STAIRDANCE
 13887 | Lair:3   | 13887 ||| INVOKING Berserk.
 13901 | Lair:3   | 13901 ||| STAIRDANCE
 13940 | Lair:3   | 13940 ||| INVOKING Berserk.
 14059 | Lair:3   | Found a staircase to the Swamp.
 14792 | Lair:3   | Reached skill level 14 in Axes
 14974 | Lair:3   | Found a runed translucent door.
 14975 | Lair:3   | Noticed a spriggan rider
 14979 | Lair:3   | Identified the +11 spear of Valour {drain, rPois rC+ Str+4
                  | Int-4}
 14979 | Lair:3   | Noticed a spriggan rider
 14980 | Lair:3   | Noticed MrRokkomies's ghost (journeyman OpBe)
 15216 | Lair:4   | 15216 ||| INVOKING Berserk.
 15342 | Lair:4   | You fall into a shaft and drop 2 floors!
 15342 | Lair:6   | Entered Level 6 of the Lair of Beasts
 15343 | Lair:6   | 15343 ||| Shafted from Lair:4 to Lair:6.
 15343 | Lair:6   | 15343 ||| INVOKING Berserk.
 15367 | Lair:6   | Reached XP level 13. HP: 84/84 MP: 9/13
 15636 | Lair:4   | 15636 ||| Successfully unshafted to Lair:4.
 15693 | Lair:4   | Found a staircase to the Snake Pit.
 15908 | Lair:4   | Reached skill level 15 in Axes
 16069 | Lair:4   | 16069 ||| INVOKING Brothers in Arms.
 16327 | Lair:4   | 16327 ||| EATING 22 rations.
 16433 | Lair:4   | 16433 ||| UPGRADING to pair of gloves.
 16438 | Lair:4   | 16438 ||| READING 2 scrolls labeled GELOOL YTITUPN.
 16439 | Lair:4   | 16439 ||| READING 2 scrolls of identify.
 16439 | Lair:4   | 16439 ||| IDENTIFYING bubbling golden potion
 17068 | Lair:5   | 17068 ||| INVOKING Berserk.
 17098 | Lair:5   | 17098 ||| INVOKING Brothers in Arms.
 17099 | Lair:5   | 17099 ||| INVOKING Brothers in Arms.
 17099 | Lair:5   | HP: 18/84 [killer bee (7)]
 17100 | Lair:5   | 17100 ||| DRINKING potion of heal wounds.
 17103 | Lair:5   | HP: 7/84 [meliai/divine providence (14)]
 17106 | Lair:5   | Killed from afar by a meliai

Levels and vault maps discovered:
D:1:      lightli_arrival_noodles, layout_basic, chequers_serial_rivers_room_b
D:2:      layout_basic, serial_glass, glass_columns_a, glass_columns_b,
          glass_columns_b, glass_columns_c
D:3:      layout_rooms, nicolae_qazlal_eye_of_the_storm, portal_sewer_entry_f,
          gammafunk_ghost_grave
D:4:      layout_loops_ring, minmay_temple_entry_nine_rooms, first_ration,
          gammafunk_ghost_smash, uniq_menkaure, uniq_duvessa
D:5:      layout_loops_corners, lemuel_round_altar, marbit_many_paths,
          serial_shops, shop, hex_medium, uniq_prince_ribbit1, uniq_pikel
D:6:      layout_rooms
D:7:      layout_loops_ring, old_standard_altar
D:8:      layout_loops_corners, palyth_temple_overflow_mages,
          lemuel_crystal_altar, basic_altar, grunt_livestock, minmay_manual_moon
D:9:      layout_layer_cave, tgw_fedhas, david_lair_generic, serial_shops,
          nicolae_shop_trees, chequers_big_river
Lair:1:   layout_small_grid, grunt_megastairs_1
Lair:2:   layout_roguey, serial_bayou, serial_bayou_shore_b,
          serial_bayou_pond_e, serial_bayou_crossing, serial_bayou_lake_a,
          st_stairs_7, zaba_anthole, serial_bayou_pond_a,
          cheibrodos_lair_caveside_slide, uniq_gastronok
Lair:3:   layout_layer_cave, skrybe_swamp_entry_bodies,
          ebering_ghost_funeral_grove
Lair:4:   layout_gridlike, guppyfry_snake_entry_island, minmay_lair_oklob_items,
          lemuel_fruit_tree, grunt_megastairs_2, serial_bayou_shore_a
Lair:5:   layout_concentric_octagons, special_room [special_room_bee],
          st_stairs_7, infiniplex_staircase_pool_2
Lair:6:   minmay_lair_end_enchanted_forest, layout_concentric_octagons,
          slime_altar_1, uniq_urug

Skill      XL: |  1  2  3  4  5  6  7  8  9 10 11 12 13 |
---------------+----------------------------------------+-----
Axes           | 3 4 5 6 7 9 10 11 12 14 15 | 15.0
Armour         | 3 4 8 9 10 11 | 11.0
Fighting       | 4 5 6 8 9 10 11 | 11.5
Dodging        | 3 |  3.5

Action                   |  1- 3 |  4- 6 |  7- 9 | 10-12 | 13-15 || total
-------------------------+-------+-------+-------+-------+-------++-------
Melee: Hand axe          |   115 |   289 |   441 |   466 |       ||  1311
       Broad axe         |       |       |       |   339 |   174 ||   513
       Flail             |       |       |       |    37 |       ||    37
Invok: Berserk           |     3 |     4 |    11 |    24 |     1 ||    43
       Brothers in Arms  |       |       |       |     9 |     2 ||    11
  Use: Scroll            |       |     6 |     7 |    16 |     2 ||    31
       Potion            |       |     3 |     2 |     6 |     1 ||    12
 Stab: Distracted        |       |       |       |       |     1 ||     1
  Eat: Chunk             |     4 |    11 |    13 |    30 |     3 ||    61
       Ration            |       |       |     3 |     6 |     1 ||    10
Armor: Animal skin       |    19 |       |       |       |       ||    19
       Plate armour      |    22 |   180 |   266 |   677 |   105 ||  1250
Dodge: Dodged            |    63 |    88 |   120 |   521 |   137 ||   929

Table legend:
 A = Non-vault XP
 B = Vault XP
 C = Vault XP percentage of total XP
 D = Non-vault monster count
 E = Vault monster count
 F = Vault count percentage of total count
                 A         B        C        D         E       F
            +---------+---------+-------+---------+---------+-------
      Total |   27015 |   12079 |  30.9 |     320 |      96 |  23.1
            +---------+---------+-------+---------+---------+-------
        D:1 |      43 |       0 |   0.0 |      23 |       0 |   0.0
        D:2 |      59 |       3 |   4.8 |      27 |       1 |   3.6
        D:3 |      39 |       7 |  15.2 |      21 |       3 |  12.5
        D:4 |     646 |     382 |  37.2 |      28 |       3 |   9.7
        D:5 |     469 |     899 |  65.7 |      18 |       3 |  14.3
        D:6 |    1067 |       0 |   0.0 |      37 |       0 |   0.0
        D:7 |     955 |       0 |   0.0 |      18 |       0 |   0.0
        D:8 |    3172 |    1687 |  34.7 |      32 |      15 |  31.9
        D:9 |    1449 |     934 |  39.2 |      25 |       5 |  16.7
     Lair:1 |    2683 |    1230 |  31.4 |      16 |       7 |  30.4
     Lair:2 |    4486 |    3166 |  41.4 |      17 |       6 |  26.1
     Lair:3 |    5700 |     510 |   8.2 |      23 |       2 |   8.0
     Lair:4 |    1768 |     750 |  29.8 |      11 |       3 |  21.4
     Lair:5 |    1676 |    2435 |  59.2 |       9 |      24 |  72.7
     Lair:6 |    2803 |       0 |   0.0 |      15 |       0 |   0.0
      Sewer |       0 |      76 | 100.0 |       0 |      24 | 100.0
            +---------+---------+-------+---------+---------+-------
